[Event "Mitropa Cup Open 2024"]
[Site "Apolda"]
[Date "2024.02.16"]
[Round "2.11"]
[White "Carnicelli, Valerio"]
[Black "Lavrencic, Matic"]
[Result "0-1"]
[ECO "B33"]
[WhiteElo "2427"]
[BlackElo "2299"]
[Annotator "TA"]
[PlyCount "118"]
[EventDate "2024.02.15"]
[EventType "team-tourn"]
[EventCountry "GER"]
[SourceTitle "playchess.com"]
[Source "ChessBase"]
[SourceQuality "1"]
[WhiteTeam "Italy"]
[BlackTeam "Slovenia"]
[WhiteTeamCountry "ITA"]
[BlackTeamCountry "SLO"]
[TimeControl "40/5400+30:1800+30"]

1. e4 c5 2. Nf3 e6 3. d4 cxd4 4. Nxd4 Nf6 5. Nc3 Nc6 6. Ndb5 d6 7. Bf4 e5 8. Bg5 a6 9. Na3 b5 10. Bxf6 gxf6 11. Nd5 f5 12. g3 fxe4 13. Bg2 Bg7 14. Bxe4 Be6 15. Qh5 Rc8 16. O-O Ne7 17. Rad1 Nxd5 18. Bxd5 {[%emt 0:01:06] The position is equal.} O-O 19. c3 Rc5 20. Bxe6 fxe6 21. Nc2 Qe7 22. Qe2 d5 23. f3 Rc4 24. Ne3 Rcc8 25. Ng4 Qc5+ 26. Kg2 Rf5 27. Qe3 Qxe3 28. Nxe3 Rf7 29. Rf2 a5 30. Nc2 Rfc7 {[%cal Ob5b4] Threatening ...b4!} 31. Rdd2 Kf7 32. h4 Ke7 33. g4 Kd6 34. Rfe2 Rb8 35. a3 $1 Rc4 36. Kg3 Rf8 37. Rd3 Rcf4 38. Rde3 (38. Ne1 $11) 38... R4f7 (38... h5 $1 $17 {[%cal Oe5e4] aiming for ...e4!} 39. g5 e4 40. fxe4 Rg4+ 41. Kh3 Rf1) 39. Ne1 $11 Bh6 40. g5 Bg7 41. Nd3 Rf5 $1 42. Kg4 (42. Nf2 $15) 42... h6 43. Re1 hxg5 44. hxg5 {[%emt 0:00:00] [#]} (44. h5 $17) 44... Rh8 (44... a4 $1 $19 45. R3e2 Rg8 (45... Rxf3 46. Nxe5 R3f4+ 47. Kh5 $11)) 45. f4 $15 e4 {[%emt 0:00:00][%cal Oh8f8] ...Rhf8! is the strong threat.} 46. Nf2 {[%emt 0:00:00] [#]} ({White should play} 46. Nc1 $1 $15) 46... Rhf8 $1 $19 47. Nxe4+ (47. Nh3 $17) 47... dxe4 48. Rxe4 (48. Rd1+ {only move.} Kc6 (48... Rd5 $2 49. Rf1 $19) 49. Rxe4) 48... e5 49. fxe5+ Bxe5 50. a4 Ke6 51. Rd4 Rf4+ (51... Rf2 $142 {( -> ...Rg2+)} 52. Rxe5+ Kxe5) 52. Kh5 (52. Rxf4 $142 Rxf4+ 53. Kh3 bxa4 (53... Rxa4 $2 54. g6 $19) 54. Kg2) 52... Kf5 53. Rxf4+ Bxf4 {[%emt 0:01:35][%cal Rf8h8] KRB-KR} 54. Kh6 bxa4 55. Rd1 Rh8+ {[%emt 0:02:58] Black mates.} 56. Kg7 Be5+ 57. Kf7 Rh7+ 58. Kg8 Rg7+ 59. Kf8 Ke6 {[%emt 0:00:15] Weighted Error Value: White=0.62/Black=0.21 (precise) .  Mistake:       	White=6     	Black=2      Inaccurate:     	White=5     	Black=2      OK:         	White=11    	Black=16     Best:        	---       	Black=3      Strong:       	White=1     	Black=2} 0-1

[Event "Mitropa Cup Open 2024"]
[Site "Apolda"]
[Date "2024.02.16"]
[Round "2.12"]
[White "Olenik Campa, Rudi"]
[Black "Perossa, Nicolas"]
[Result "1-0"]
[ECO "A49"]
[WhiteElo "2299"]
[BlackElo "2277"]
[Annotator "COMBH RC"]
[PlyCount "141"]
[EventDate "2024.02.15"]
[EventType "team-tourn"]
[EventCountry "GER"]
[SourceTitle "playchess.com"]
[Source "ChessBase"]
[SourceQuality "1"]
[WhiteTeam "Slovenia"]
[BlackTeam "Italy"]
[WhiteTeamCountry "SLO"]
[BlackTeamCountry "ITA"]
[TimeControl "40/5400+30:1800+30"]

1. Nf3 Nf6 2. g3 g6 3. Bg2 Bg7 4. O-O O-O 5. d4 d6 6. a4 Bf5 7. a5 Qc8 8. Re1 c5 9. d5 Na6 10. Nbd2 b5 11. axb6 axb6 12. e4 Bh3 13. Bh1 Nb4 14. Rxa8 Qxa8 15. e5 dxe5 16. Nxe5 Qa4 17. Ndc4 Qxc2 18. Nxb6 Qxd1 19. Rxd1 Nfxd5 20. Nxd5 Bxe5 21. Nxe7+ Kg7 22. Be3 c4 23. Bc5 Nd3 24. Nc6 Bxb2 25. Bxf8+ Kxf8 26. Be4 Nc5 27. Bc2 Bg4 28. Rd5 Ba3 29. Rd4 Be6 30. Nd8 c3 31. Nxe6+ Nxe6 32. Ra4 Bd6 33. Rc4 Be5 34. Kf1 Ke7 35. Ke2 Nd4+ 36. Kd1 Ne6 37. f4 Bg7 38. Ra4 Kd6 39. Ra7 Nc7 40. Bb3 f5 41. Bg8 Bd4 42. Ra2 h6 43. Kc2 Bf6 44. Kd3 Ke7 45. Ra7 Kd6 46. Bf7 h5 47. h4 Nb5 48. Ra6+ Ke7 49. Bxg6 Nd4 50. Bxh5 Ne6 51. Rc6 Kd7 52. Rc4 Kd6 53. Bg6 Nc5+ 54. Rxc5 Kxc5 55. Bxf5 Kb4 56. Ke3 Kc4 57. h5 Bd4+ 58. Kf3 Kd5 59. g4 Kd6 60. g5 Ke7 61. Bc2 Kf7 62. Ke4 Bg7 63. h6 Bf8 64. Kf5 Kg8 65. Kf6 Bg7+ 66. Kf5 Bf8 67. Bb1 Kh8 68. Kg4 Bd6 69. g6 Be7 70. g7+ Kg8 {[%emt 0:00:03] Check Result:7.25} 71. Ba2+ 1-0

[Event "Mitropa Cup Open 2024"]
[Site "Apolda"]
[Date "2024.02.16"]
[Round "2.13"]
[White "Georgiadis, Nico"]
[Black "Girel, Joseph"]
[Result "1-0"]
[ECO "E11"]
[WhiteElo "2547"]
[BlackElo "2492"]
[Annotator "TA"]
[PlyCount "71"]
[EventDate "2024.02.15"]
[EventType "team-tourn"]
[EventCountry "GER"]
[SourceTitle "playchess.com"]
[Source "ChessBase"]
[SourceQuality "1"]
[WhiteTeam "Switzerland"]
[BlackTeam "France"]
[WhiteTeamCountry "SUI"]
[BlackTeamCountry "FRA"]
[TimeControl "40/5400+30:1800+30"]

1. d4 Nf6 2. c4 e6 3. Nf3 d5 4. g3 Bb4+ 5. Bd2 a5 6. Bg2 O-O 7. Qc2 c5 8. cxd5 cxd4 9. Nxd4 Qb6 {[%emt 0:00:13] White is slightly better.} 10. e3 exd5 11. a3 Bxd2+ 12. Nxd2 Nc6 13. N2f3 Bg4 14. O-O Rfc8 {[%emt 0:05:56] Hoping for ...Nxd4.} 15. Qd3 Ne4 16. h3 Bxf3 17. Nxf3 Rd8 18. Qc2 h6 19. Rac1 Rd6 20. Rfd1 Rad8 21. Ne1 Nf6 (21... f5 $11) 22. Nd3 $16 d4 23. e4 {[%emt 0:01:01] e5 would now be deadly.} Re6 24. Nc5 Re7 {[%emt 0:00:48] [#]} 25. Nxb7 $1 Qxb7 26. Qxc6 Qxb2 27. Qc5 Ree8 28. Qxa5 d3 29. Qc3 Qe2 {[%emt 0:02:12][%cal Od3d2] aiming for ...d2!} 30. Re1 Qa2 {[%emt 0:01:33] [#]} (30... Qh5 $142 31. Qd2 Qg5) 31. Re3 $1 d2 32. Rd1 Rb8 (32... Re7 $16 33. e5 Ne8) 33. Qxd2 $18 ({Don't play} 33. Rxd2 $6 Qb1+ 34. Kh2 Nxe4 35. Bxe4 (35. Qc6 Re6 $14) 35... Rxe4 $16) 33... Rb2 34. Qe1 {[%emt 0:00:21] Strongly threatening e5.} Reb8 $2 (34... Rb3 35. Re2 Qxa3) 35. e5 Rb1 36. exf6 {[%emt 0:00:32] Weighted Error Value: White=0.06 (flawless) /Black=0.23 (precise) .  Mistake:       	---       	Black=4      Inaccurate:     	White=2     	Black=3      OK:         	White=17    	Black=9      Best:        	White=2     	---        Strong:       	White=1     	---} 1-0

[Event "Mitropa Cup Open 2024"]
[Site "Apolda"]
[Date "2024.02.16"]
[Round "2.14"]
[White "Makkar, Rajat"]
[Black "Bogner, Sebastian"]
[Result "0-1"]
[ECO "E11"]
[WhiteElo "2453"]
[BlackElo "2538"]
[Annotator "TA"]
[PlyCount "94"]
[EventDate "2024.02.15"]
[EventType "team-tourn"]
[EventCountry "GER"]
[SourceTitle "playchess.com"]
[Source "ChessBase"]
[SourceQuality "1"]
[WhiteTeam "France"]
[BlackTeam "Switzerland"]
[WhiteTeamCountry "FRA"]
[BlackTeamCountry "SUI"]
[TimeControl "40/5400+30:1800+30"]

1. d4 Nf6 2. c4 e6 3. Nf3 Bb4+ 4. Bd2 Qe7 5. g3 Bxd2+ 6. Nbxd2 d6 7. Bg2 e5 8. e3 O-O 9. O-O Re8 {[%emt 0:06:50] E11: Bogo-Indian.} 10. e4 $146 ({Predecessor:} 10. Rc1 h6 11. Nb1 c6 12. Nc3 Bg4 13. h3 Bh5 14. g4 Bg6 15. c5 Nbd7 16. cxd6 Qxd6 17. dxe5 Qxd1 18. Rfxd1 Nxe5 19. Nxe5 Rxe5 {½-½ Li,C (2613)-Zhou,J (2650) CHN-chT 6th China 2010 (12)}) 10... a5 11. d5 Na6 12. Ne1 Bg4 13. f3 Bd7 14. Nd3 c6 15. a4 cxd5 16. cxd5 b5 17. b3 Rec8 18. f4 Nb4 19. fxe5 dxe5 20. Nxb4 (20. Nf3 $17 {might work better.} Nc2 (20... Nxe4 21. Nfxe5 $11)) 20... Qxb4 21. Nf3 (21. axb5 $17 {is a better defense.} Bxb5 22. Rf2) 21... Ng4 $19 (21... Qxe4 22. Re1 Qb4 (22... Qxd5 23. Qxd5 Nxd5 24. Nxe5 $18) 23. Nxe5 $11) (21... Nxe4 22. Nxe5 Be8 23. Nc6 Qc5+ 24. Kh1 Nf2+ 25. Rxf2 Qxf2 26. axb5 $11 (26. Ne7+ Kf8 $18)) 22. Qd2 Rc3 (22... Qxe4 23. Rae1 (23. Ng5 $2 Qg6 $19) 23... Qg6 24. Nxe5 Qb6+ 25. Kh1 Nxe5 26. Rxe5 $11) (22... Qxb3 23. Rfb1 Qc4 24. Rc1 Qxe4 25. axb5 $17) (22... bxa4 23. Qxb4 axb4 24. bxa4 $17) 23. h3 Rxf3 24. Qxb4 Rxf1+ 25. Bxf1 axb4 26. hxg4 bxa4 27. bxa4 Rxa4 28. Rc1 Ra7 (28... b3 $19 {is more deadly.} 29. Rc7 Bxg4) 29. Bb5 $2 (29. g5 $17) 29... Bxg4 $1 $19 (29... Bxb5 30. Rc8+) 30. Rb1 Rb7 31. Rxb4 Kf8 32. Rb1 $2 (32. Rb3) 32... Ke7 $19 33. Kf2 Kd6 (33... Bd7 34. Bd3 Rxb1 35. Bxb1 $17) 34. Bd3 Rxb1 35. Bxb1 g6 36. Ke3 f5 37. exf5 Bxf5 ({Worse is} 37... Kxd5 38. fxg6 hxg6 39. Bxg6 $14) 38. Ba2 g5 39. Bb3 h6 40. Bc4 Bc2 (40... h5 $142 41. Bb5 h4 (41... Kxd5 $2 42. Be2 $19) 42. Be2 Kxd5 43. g4 Be6 44. Ba6 h3 (44... Bxg4 $2 45. Bb7+ Kc5 46. Ke4 $19) 45. Kf2 Bxg4 46. Kg3 e4 47. Kh2 e3 48. Kg3 Kd4 49. Bb7 h2 50. Kxh2 e2 51. Kg3 e1=Q+ (51... e1=R 52. Kxg4 Rg1+ 53. Kf3 $19) 52. Kxg4 Qe6+ 53. Kg3 Ke3 54. Bf3 Qf5 (54... Qh3+ {leads to mate.} 55. Kxh3 Kxf3 56. Kh2 g4 57. Kg1 Kg3 58. Kf1 Kh2 59. Kf2 g3+ 60. Ke3 g2 61. Ke4 Kg3 62. Ke5 g1=Q 63. Kd6 Qb6+ 64. Kd5 Kf4 65. Kc4 Ke4 66. Kc3 Qb5 67. Kc2 Kd4 68. Kd1 Kd3 69. Ke1 Qf5 70. Kd1 Qf1#) 55. Bd1 Qf4+ 56. Kg2 Qf2+ 57. Kh1 Qg3 58. Bh5 Kf2 59. Bg6 Qh4#) 41. Kf3 h5 42. Ke3 h4 43. gxh4 gxh4 44. Kf3 Bf5 45. Bb3 Kc5 46. Kf2 Be4 47. Bd1 Bxd5 0-1

[Event "Mitropa Cup Open 2024"]
[Site "Apolda"]
[Date "2024.02.16"]
[Round "2.15"]
[White "Baenziger, Fabian"]
[Black "Velten, Paul"]
[Result "1/2-1/2"]
[ECO "D38"]
[WhiteElo "2414"]
[BlackElo "2470"]
[Annotator "TA"]
[PlyCount "63"]
[EventDate "2024.02.15"]
[EventType "team-tourn"]
[EventCountry "GER"]
[SourceTitle "playchess.com"]
[Source "ChessBase"]
[SourceQuality "1"]
[WhiteTeam "Switzerland"]
[BlackTeam "France"]
[WhiteTeamCountry "SUI"]
[BlackTeamCountry "FRA"]
[TimeControl "40/5400+30:1800+30"]

1. d4 e6 2. c4 Nf6 3. Nf3 d5 4. Nc3 Bb4 5. Qa4+ Nc6 6. e3 O-O 7. Qc2 h6 8. Bd2 a6 9. a3 {[%emt 0:09:54] White is slightly better.} Bd6 10. c5 Be7 11. Rd1 Re8 12. Bd3 e5 13. dxe5 $16 {[%emt 0:04:54] White is more active.} Ng4 14. Bh7+ Kh8 {[%emt 0:01:11] [#]} 15. Bc1 $1 Be6 16. Be4 Qc8 17. Nxd5 Ngxe5 18. Nxe5 Nxe5 19. Nxe7 Rxe7 20. O-O f5 {[%emt 0:02:50] [#]} 21. Bd5 Bxd5 22. Rxd5 Qe6 23. e4 (23. Rfd1 $16) 23... Nc6 $14 24. f3 (24. Rxf5 Nd4 25. Qd3 Nxf5 26. exf5 Qf7) 24... fxe4 25. fxe4 (25. Qxe4 {simplifies} Qxe4 26. fxe4 Rxe4 27. Rd7) 25... Rae8 26. Bd2 Qg6 27. Bc3 Rxe4 28. Qd3 Kh7 29. h3 {[%emt 0:01:03] The position is equal.} R8e7 30. Rf3 Ne5 31. Bxe5 R4xe5 32. Qxg6+ {[%emt 0:00:42] Blacks defense is rewarded with a draw.   Weighted Error Value: White=0.13 (very precise) /Black=0.12 (very precise) .  Mistake:       	White=1     	Black=1      Inaccurate:     	---       	Black=4      OK:         	White=6     	Black=10     Best:        	White=1     	---        Strong:       	White=1     	---} 1/2-1/2

[Event "Mitropa Cup Open 2024"]
[Site "Apolda"]
[Date "2024.02.16"]
[Round "2.16"]
[White "Decuigniere, Tom"]
[Black "Gallagher, Joseph G."]
[Result "1-0"]
[ECO "E71"]
[WhiteElo "2401"]
[BlackElo "2427"]
[Annotator "TA"]
[PlyCount "81"]
[EventDate "2024.02.15"]
[EventType "team-tourn"]
[EventCountry "GER"]
[SourceTitle "playchess.com"]
[Source "ChessBase"]
[SourceQuality "1"]
[WhiteTeam "France"]
[BlackTeam "Switzerland"]
[WhiteTeamCountry "FRA"]
[BlackTeamCountry "SUI"]
[TimeControl "40/5400+30:1800+30"]

1. d4 Nf6 2. c4 g6 3. Nc3 Bg7 4. e4 d6 5. h3 O-O 6. Be3 a5 7. g4 c5 8. Nge2 (8. dxc5 $5 a4 9. Nge2 $11 (9. Nxa4 Qa5+ 10. Nc3 Nxe4 $17)) 8... cxd4 {[%emt 0:27:58] White has an edge.} 9. Nxd4 Nc6 10. Bg2 Bd7 (10... Nxd4 $11 {remains equal.} 11. Bxd4 a4) 11. O-O (11. Ndb5 $16) 11... a4 12. Rc1 (12. Nxa4 $2 {perishes.} Nxd4 13. Nc3 Nc6 $19) (12. Ndb5 $16) 12... Nxd4 $11 13. Bxd4 Bc6 14. Re1 Re8 15. Nd5 Nd7 {[%emt 0:00:27] Repels Bb6} 16. Bxg7 Kxg7 17. Rc3 Nc5 18. g5 (18. e5 {simplifies} dxe5 19. Rxe5 Nd7 20. Re1) 18... e5 19. Nf6 Re6 20. Rf3 Qb6 21. h4 Qxb2 22. Bh3 {[%emt 0:01:58] Chess con chili.} Qxa2 $2 (22... Rd8 $11) 23. Bxe6 $18 Nxe6 24. Qxd6 Qxc4 {[%emt 0:00:22] [#]} 25. Ng4 ({Worse is} 25. Qxe5 Qd4 26. Qxd4 Nxd4 $11) (25. Nd5 $1 $18 {[%cal Of3f7] Threatening mate with Rxf7+!} Bxd5 (25... Qd4 26. Rxf7+ Kg8 27. Qxe6 Bxd5 28. exd5) 26. Qxe5+ Kg8 27. exd5) 25... Qc5 $1 $14 26. Qxc5 Nxc5 27. Nxe5 Be8 28. Rc3 $36 {[%emt 0:03:37][%mdl 2048] White has some pressure.} Nd7 29. Nd3 {[%emt 0:02:44] White has more active pieces.} b5 30. f4 Nb6 31. f5 Nc4 32. f6+ Kf8 33. Nb4 Rd8 (33... a3 $16) 34. Nd5 (34. Rd3 $18 Rxd3 35. Nxd3) 34... Bc6 35. Rec1 (35. Rb1 $16) 35... Rd6 $2 (35... Bxd5 $11 {and Black stays safe.} 36. exd5 Rxd5) 36. Ne3 Na5 37. Rc5 Ke8 38. Nd5 {[%emt 0:00:20] [#] And now Nc7+ would win.} Nc4 $2 (38... Kd7) 39. Nc7+ $18 {[%emt 0:00:24] White is clearly winning.} Kd7 40. Nxb5 Bxb5 41. Rxb5 {[%emt 0:30:27] Weighted Error Value: White=0.26 (precise) /Black=0.41.  Loses game:     	---       	Black=1      Mistake:       	White=5     	Black=5      Inaccurate:     	White=2     	Black=4      OK:         	White=14    	Black=7      Best:        	White=2     	Black=4      Strong:       	---       	Black=1} 1-0

[Event "Mitropa Cup Open 2024"]
[Site "Apolda"]
[Date "2024.02.16"]
[Round "2.17"]
[White "Sahidi, Samir"]
[Black "Plenca, Jadranko"]
[Result "1-0"]
[ECO "D73"]
[WhiteElo "2478"]
[BlackElo "2429"]
[Annotator "RC"]
[PlyCount "135"]
[EventDate "2024.02.15"]
[EventType "team-tourn"]
[EventCountry "GER"]
[SourceTitle "playchess.com"]
[Source "ChessBase"]
[SourceQuality "1"]
[WhiteTeam "Slovakia"]
[BlackTeam "Croatia"]
[WhiteTeamCountry "SVK"]
[BlackTeamCountry "CRO"]
[TimeControl "40/5400+30:1800+30"]

1. Nf3 d5 2. g3 g6 3. Bg2 Bg7 4. d4 Nf6 5. O-O O-O 6. c4 dxc4 7. Na3 c5 8. Nxc4 cxd4 9. Nxd4 Nbd7 10. Nb5 a6 11. Nc3 Qc7 12. Qb3 Rb8 13. Bf4 e5 14. Bg5 h6 15. Bxf6 Nxf6 16. Ne3 e4 17. Rac1 Be6 18. Qb4 Qe5 19. b3 a5 20. Qb5 Qxb5 21. Nxb5 Rfd8 22. Nc3 b5 23. Nxe4 Nxe4 24. Bxe4 a4 25. Bc2 Rd2 26. Rfd1 Rxd1+ 27. Rxd1 b4 28. Rb1 Bd4 29. Kf1 Rc8 30. Bd1 a3 31. Ke1 Bc3+ 32. Kf1 Bd2 33. Nc4 Bxc4 34. bxc4 Rxc4 35. e3 Bc1 36. Rb3 Bb2 37. Ke2 Kf8 38. Rd3 Rc3 39. Rd8+ Ke7 40. Rb8 Rc4 41. Bb3 Rc7 42. Rxb4 h5 43. f4 Rd7 44. e4 Bc3 45. Ra4 Bb2 46. e5 Kf8 47. Ke3 Rb7 48. Ke4 Ke7 49. Bd5 Rc7 50. Ra6 Kf8 51. h3 Re7 52. Ra5 Kg8 53. Bb3 Rb7 54. Kf3 Re7 55. g4 hxg4+ 56. hxg4 g5 57. e6 fxe6 58. Rxg5+ Kh7 59. Ra5 e5 60. Bc2+ Kg7 61. f5 Rc7 62. Bd3 Rd7 63. Be4 Bc1 64. Rxe5 Kf6 65. Re6+ Kg5 66. Rg6+ Kh4 67. f6 Rd1 68. Bf5 1-0

[Event "Mitropa Cup Open 2024"]
[Site "Apolda"]
[Date "2024.02.16"]
[Round "2.18"]
[White "Ivekovic, Bozidar"]
[Black "Haring, Filip"]
[Result "1/2-1/2"]
[ECO "B11"]
[WhiteElo "2399"]
[BlackElo "2432"]
[Annotator "TA"]
[PlyCount "134"]
[EventDate "2024.02.15"]
[EventType "team-tourn"]
[EventCountry "GER"]
[SourceTitle "playchess.com"]
[Source "ChessBase"]
[SourceQuality "1"]
[WhiteTeam "Croatia"]
[BlackTeam "Slovakia"]
[WhiteTeamCountry "CRO"]
[BlackTeamCountry "SVK"]
[TimeControl "40/5400+30:1800+30"]

1. e4 c6 2. Nc3 d5 3. Nf3 dxe4 4. Nxe4 Nf6 5. Qe2 Nxe4 6. Qxe4 Nd7 {[%emt 0:00:15] B11: Caro-Kann: Two Knights Variation.} 7. Bc4 Nf6 8. Ne5 e6 9. Qe2 b5 10. Bb3 Qc7 11. d4 Bd6 12. Bf4 O-O 13. Bg3 a5 14. c3 c5 15. dxc5 Qxc5 16. O-O $146 ({Predecessor:} 16. O-O-O a4 17. Bc2 a3 18. b4 Qxc3 19. Rxd6 Qb2+ 20. Kd1 Qa1+ 21. Kd2 Qxh1 22. Ng4 Nxg4 23. Qxg4 Bb7 24. Qh5 g6 25. Qxb5 Qxg2 {0-1 Reprintsev,A (2350)-Souleidis,G (2429) Titled Tuesday intern op 09th Aug Late blitz 2022 (9)}) 16... Bb7 17. Ng4 Nxg4 18. Qxg4 Bxg3 19. Qxg3 a4 20. Bd1 a3 21. b4 Qf5 22. Bg4 Qf6 23. Be2 Rab8 24. Rfc1 (24. Bxb5 $2 {is the wrong capture.} Bxg2 25. Kxg2 Rxb5 $19) 24... Bd5 25. c4 bxc4 26. Qxa3 Rfc8 27. Rc3 Qg5 28. Bf1 Qd2 29. Rb1 Ra8 30. Qb2 Rxa2 31. Qxd2 Rxd2 32. b5 Kf8 33. b6 Ke7 34. Bxc4 Bxc4 (34... Be4 $17 35. b7 Rb8) 35. b7 $1 $14 Rcd8 36. h4 (36. Rcc1 $1 $14) 36... Rd1+ $15 37. Rxd1 Rxd1+ 38. Kh2 Rb1 $1 39. Rxc4 Rxb7 40. g3 g6 41. Kg2 Kd6 42. Rd4+ Ke5 43. Ra4 Rc7 44. Ra5+ Kf6 45. Rb5 Ra7 46. Rc5 e5 47. Kf3 Kf5 (47... h5 $17) 48. Rb5 (48. g4+ $1 $11 Ke6 49. Rc6+ Kd7 50. Rb6) 48... Ra3+ $17 49. Ke2 f6 50. Rb7 h6 51. Rb6 Ra5 (51... Ra4 $17) 52. f3 $1 $11 Ra2+ 53. Kf1 g5 54. g4+ $1 Kf4 55. Rxf6+ Kg3 56. hxg5 hxg5 57. Rf5 Rf2+ (57... e4 $5 58. fxe4 Kxg4 $11) 58. Ke1 Rxf3 59. Rxg5 e4 60. Ke2 Ra3 61. Rf5 Kxg4 62. Rf8 Rf3 63. Rxf3 exf3+ 64. Kf2 Kf4 65. Kf1 Kg3 66. Kg1 f2+ 67. Kf1 Kf3 1/2-1/2

[Event "Mitropa Cup Open 2024"]
[Site "Apolda"]
[Date "2024.02.16"]
[Round "2.19"]
[White "Bochnicka, Vladimir"]
[Black "Tomulic, Teo"]
[Result "1-0"]
[ECO "B41"]
[WhiteElo "2398"]
[BlackElo "2386"]
[Annotator "TA"]
[PlyCount "143"]
[EventDate "2024.02.15"]
[EventType "team-tourn"]
[EventCountry "GER"]
[SourceTitle "playchess.com"]
[Source "ChessBase"]
[SourceQuality "1"]
[WhiteTeam "Slovakia"]
[BlackTeam "Croatia"]
[WhiteTeamCountry "SVK"]
[BlackTeamCountry "CRO"]
[TimeControl "40/5400+30:1800+30"]

1. e4 c5 2. Nf3 e6 3. d4 cxd4 4. Nxd4 a6 5. c4 Nf6 6. Nc3 Bb4 7. Qd3 {[%emt 0:01:50] B41: Sicilian: Kan Variation: 5 c4.} Nc6 8. Nc2 Bxc3+ 9. Qxc3 O-O 10. Bd3 d5 $146 ({Predecessor:} 10... b6 11. O-O Bb7 12. Bg5 h6 13. Bh4 d6 14. Rfe1 Rc8 15. Rad1 e5 16. Qd2 Qe7 {1-0 Kujawski,A (2213)-Stivje,T (2312) Titled Tuesday intern op 2nd April blitz 2019 (8)}) 11. exd5 exd5 12. O-O Be6 13. Rd1 d4 14. Qd2 Ng4 15. Qf4 Nge5 16. b3 Qa5 17. Be4 d3 18. Ne3 Qc3 19. Ba3 Rfe8 20. Rac1 Qd4 21. Nc2 Qd8 22. Bb2 Qa5 23. Bxd3 Ng6 (23... Bg4 $16 24. f3 Bh5) 24. Bxg6 (24. Qg3 $18) 24... hxg6 $16 25. Qg3 (25. Qd2 {simplifies} Qxd2 26. Rxd2 g5 27. h3) 25... Rad8 26. Qc3 Qxc3 27. Bxc3 Rxd1+ 28. Rxd1 Rd8 29. Rxd8+ Nxd8 30. Ne3 f6 31. Kf1 Nc6 32. Ke2 Kf7 33. Kd3 Ke7 34. a3 Kd7 35. h4 Ke7 36. Kd2 b5 37. Kd3 Kd7 38. g4 bxc4+ 39. bxc4 Ne7 (39... Ke8 $16 {was necessary.} 40. Bd4 Kf7) 40. f3 Kc6 (40... Nc6 $16 41. g5 fxg5) 41. Bb4 $18 Nc8 42. Bf8 f5 43. Bxg7 fxg4 44. fxg4 Bf7 45. Kd4 Nb6 46. Bf6 Nd7 47. Be7 Nb6 48. Bd8 Nd7 49. Nd5 Nf8 50. Nb4+ Kb7 51. Be7 Nd7 (51... Ne6+ $142 52. Ke5 Nc7) 52. c5 $18 Nb8 53. Ke5 a5 54. Nd3 Nd7+ 55. Kd6 Nb8 56. Ne5 Be8 57. Ke6 Nc6 58. Nxc6 Kxc6 59. Kf6 (59. Bd6 $142 Kb5 60. Ke7) 59... Kd5 60. Bd6 Ke4 61. Ke7 Bc6 62. h5 gxh5 63. gxh5 Kf5 64. h6 Kg6 65. Bf4 Be4 66. Kd6 Kf7 67. c6 Bf5 68. c7 Bg4 69. Kc6 Bc8 70. Kb6 a4 71. Ka7 Ke8 72. h7 1-0

[Event "Mitropa Cup Open 2024"]
[Site "Apolda"]
[Date "2024.02.17"]
[Round "3.1"]
[White "Bluebaum, Matthias"]
[Black "Georgiadis, Nico"]
[Result "1-0"]
[ECO "E11"]
[WhiteElo "2655"]
[BlackElo "2547"]
[Annotator "TA"]
[PlyCount "109"]
[EventDate "2024.02.15"]
[EventType "team-tourn"]
[EventCountry "GER"]
[SourceTitle "playchess.com"]
[Source "ChessBase"]
[SourceQuality "1"]
[WhiteTeam "Germany"]
[BlackTeam "Switzerland"]
[WhiteTeamCountry "GER"]
[BlackTeamCountry "SUI"]
[TimeControl "40/5400+30:1800+30"]

1. d4 Nf6 2. c4 e6 3. Nf3 d5 4. g3 Bb4+ 5. Bd2 Be7 6. Bg2 O-O 7. Qc2 {[%emt 0:00:05] E11: Bogo-Indian.} c6 8. h4 Nbd7 9. Nc3 dxc4 10. Rd1 Nd5 11. Ne4 c5 $146 ({Predecessor:} 11... f5 12. Neg5 N7b6 13. O-O h6 14. Nh3 a5 15. Ne5 Bf6 16. Nxc4 Nxc4 17. Qxc4 Qb6 {½-½ Sivuk,V (2589)-Kozak,A (2504) Spilimbergo op 19th 2021 (3)}) 12. Neg5 N5f6 13. Bc3 Qc7 14. dxc5 Re8 15. Nxf7 Kxf7 16. Ng5+ Kg8 17. Nxe6 Qb8 {[%emt 0:00:13] [#]} 18. Ng5 ({White must play} 18. Rxd7 $1 $18 Bxd7 19. Ng5) 18... Nf8 $16 19. Bd4 Be6 {[%emt 0:11:04] [#]} 20. Nxe6 $1 Nxe6 21. Qxc4 Qc8 22. Bh3 Bf8 23. Bxf6 gxf6 24. O-O (24. b4 $16) 24... Kh8 ({Black should try} 24... a5 $1 $14) 25. b4 $16 b5 (25... a5 $16 {was necessary.}) 26. Qxb5 $18 Rb8 27. Qc4 Qc6 28. Rd3 a5 29. a3 (29. bxa5 Nxc5 30. Rd4 Qa6 $14) 29... axb4 30. axb4 Ng7 31. Bd7 Re4 32. Rd4 Rxd4 33. Qxd4 Qc7 34. Rd1 Be7 35. Qe4 Qe5 36. Qc4 f5 37. Rd5 Qb2 38. b5 (38. Bxf5 Nxf5 39. Qe4 (39. Rxf5 $2 Qb1+ 40. Kg2 Qxf5 $19) 39... Rxb4 40. Qxf5 Qb1+ 41. Kg2 Qxf5 42. Rxf5 Rb5 $17) 38... Ra8 39. Rd1 $2 (39. Bxf5 Nxf5 40. Qe4 (40. Rxf5 $2 {too greedy.} Qb1+ 41. Kg2 Qxf5 $19) 40... Nxg3 41. fxg3 (41. Qxe7 Qa1+ 42. Kh2 Qh1+ 43. Kxg3 Qxd5 $11) 41... Qc1+ 42. Kg2 Rf8 $14) (39. Kh2) 39... Ra1 $18 40. Rxa1 Qxa1+ 41. Kg2 Qe5 42. c6 Bd8 $2 (42... Bc5 $16 43. h5 h6) 43. Qf7 $18 Qc5 44. h5 Bb6 45. e3 h6 46. Be6 Nxe6 47. Qxe6 Qxb5 48. Qxh6+ (48. Qc8+ $142 Kg7 49. Qb7+ Kf6 50. c7 Bxc7 51. Qxb5 Ke6 52. Qe8+ Kd5 53. Qd7+ Bd6 54. f4 (54. Qxf5+ Kc6 55. Qe6 Kc5 56. e4 Bc7 57. Qxh6 Be5 58. Qe6 Bg7 59. Qe7+ Kc4)) 48... Kg8 $18 49. Qg6+ Kh8 50. Qh6+ Kg8 51. Qe6+ Kh7 52. c7 Bxc7 53. Qf7+ Kh8 54. Qxc7 Qd5+ 55. Kh2 1-0